 Dungeon Crawl Stone Soup version 0.31.0-12-g77e489cdc1 (webtiles) character file.

Game seed: 6174961904715802419

2 spaghetti the Sneak (level 1, 18/18 HPs)
             Began as a Demonspawn Delver on Feb 18, 2024.
             Quit the game on level 6 of the Dungeon.
             The game lasted 00:00:17 (62 turns).

spaghetti the Sneak (Demonspawn Delver)               Turns: 62, Time: 00:00:17

Health: 18/18      AC:  3    Str: 12    XL:     1   Next: 25%
Magic:  1/1        EV: 11    Int: 10    God:
Gold:   19         SH:  0    Dex: 14    Spells: 0/0 levels left

rFire   . . .        a - +0 short sword
rCold   . . .        (no shield)
rNeg    . . .        b - +0 leather armour
rPois   .            (no helmet)
rElec   .            (no cloak)
rCorr   .            (no gloves)
SInv    .            (no boots)
Will    .....        (no amulet)
Stlth   +++          (no ring)
HPRegen 0.23/turn    (no ring)
MPRegen 0.07/turn

%: no passive effects
@: no status effects
A: no striking features
a: no special abilities


You were on level 6 of the Dungeon.
You visited 1 branch of the dungeon, and saw 2 of its levels.

You collected 19 gold pieces.

Inventory:

Hand Weapons
 a - a +0 short sword (weapon)
Armour
 b - a +0 leather armour (worn)
Wands
 g - a wand of digging (3)
Scrolls
 c - a scroll of fog
 d - a scroll of revelation
 e - a scroll of fear
Potions
 f - a potion of haste


   Skills:
 - Level 3.0 Fighting
 - Level 1.7 Short Blades
 - Level 1.7 Dodging
 + Level 4.6 Stealth


You couldn't memorise any spells.
You didn't know any spells.
Your spell library was empty.

Dungeon Overview and Level Annotations

Branches:
Dungeon (6/15)
 Temple: D:4-7

Altars:
Fedhas
Qazlal
Lugonu

Annotations:
D:6 2 runed translucent doors, Maggie


Message History

Found 19 gold pieces.
There is a stone staircase leading up here.
An orc comes into view. It is wielding a +0 dagger.
An orc is nearby!
An orc is nearby!
An orc is nearby!
You closely miss the orc. You hit the orc.
The orc is heavily wounded.
The orc hits you but does no damage.
You hit the orc.
You kill the orc!
No target in view!
No target in view!
No target in view!
No target in view!
No target in view!
No target in view!
No target in view!
No target in view!
No target in view!
No target in view!
No target in view!
You now have 10 gold pieces.
Things that are here:
a +0 dagger; an orc corpse You now have 19 gold pieces (gained 9).
A malevolent force fills the Dungeon... and a teleportation trap spontaneously manifests!
You are yanked towards some nearby monsters!
Your surroundings suddenly seem different.
Maggie and a scorpion come into view.
Maggie is wielding a +2 halberd of flaming.
Found a fuming coppery potion.
Found a corrupted altar of Lugonu and a stormy altar of Qazlal.
Maggie shouts!
A steam dragon comes into view.
Maggie casts a spell at you. The bolt of fire misses you.
Okay, then.
Are you sure you want to abandon this character and quit the game? (Confirm with "yes".)

#.. #.###.### #.......#
#.#####..# ##.# #.# #
######..# .. ..#
..#.)...# ##.####....
....###.######....+..K..
.<.## #.#.....@.@.+..._.
..## #.#........####K..
..# ..#....s...# #..
###........# ##.#
........# .. ......!..
.## ..♣♣...♣♣ .# .. .D_.


You could see Maggie, a steam dragon (wandering), a scorpion and 2 kobolds.

Vanquished Creatures
  An orc (D:6)
1 creature vanquished.

Notes
Turn   | Place    | Note
-------+----------+-------------------------------------------
     0 | D:5      | spaghetti the Demonspawn Delver began the quest for the
                  | Orb.
     0 | D:5      | Reached XP level 1. HP: 18/18 MP: 1/1
     1 | D:5      | Found a blossoming altar of Fedhas.
    61 | D:6      | Found a large runed translucent door.
    61 | D:6      | Found a corrupted altar of Lugonu.
    61 | D:6      | Found a large runed translucent door.
    61 | D:6      | Found a stormy altar of Qazlal.
    61 | D:6      | Noticed Maggie
    61 | D:6      | Noticed a scorpion
    61 | D:6      | Noticed a steam dragon
    62 | D:6      | Quit the game

Illustrated notes

Levels and vault maps discovered:
D:5:      layout_loops_ring, fedhas_altar_2, serial_shops,
          nicolae_shop_hallway_plus
D:6:      due_chaos_kobolds, layout_rooms, mainiacjoe_overflow_alcove_1,
          serial_bayou_crossing, uniq_maggie

Action                     || total
---------------------------++-------
  Melee: Short sword       ||     3
 Armour: Leather armour    ||     1
  Dodge: Dodged            ||     1
